 Dungeon Crawl Stone Soup version 0.28.0-53-g5a82cb258f (webtiles) character file.

Game seed: 12040007895008162300

480 LynnLen the Covert (level 6, -6/32 HPs)
             Began as a Vampire Enchanter on Aug 17, 2022.
             Mangled by an orc
             ... wielding a +0 flail
              (8 damage)
             ... on level 3 of the Dungeon.
             The game lasted 00:13:00 (4776 turns).

LynnLen the Covert (Vampire Enchanter)              Turns: 4776, Time: 00:13:00

Health: -6/32      AC:  3    Str:  7    XL:     6   Next: 86%
Magic:  9/9        EV: 12    Int: 17    God:
Gold:   73         SH:  0    Dex: 17    Spells: 1/9 levels left

rFire   . . .      SeeInvis +   n - +2 dagger (flame)
rCold   + + .      Faith    .   (no shield)
rNeg    + + +      Spirit   .   b - +0 robe
rPois   ∞          Reflect  .   (no helmet)
rElec   .          Harm     .   j - +0 cloak
rCorr   .          Rampage  .   (no gloves)
Will    .....                   (no boots)
Stlth   ++++++....              (no amulet)
HPRegen 0.00/turn               (no ring)
MPRegen 0.11/turn               (no ring)

@: attractive, flying, bloodless, inhibited regen
A: bloodless, fangs 3, see invisible, vampiric 2
a: Bat Form, Revivify


You were on level 3 of the Dungeon.
You visited 1 branch of the dungeon, and saw 4 of its levels.

You collected 73 gold pieces.

Inventory:

Hand Weapons
 a - a +1 dagger
 e - a +1 dagger of speed
 n - a +2 dagger of flaming (weapon)
Missiles
 d - 85 stones
 g - 41 sling bullets
Armour
 b - a +0 robe (worn)
 j - a +0 cloak (worn)
Wands
 h - a wand of iceblast (31)
Scrolls
 i - a scroll of enchant armour
 l - a scroll of fog {unknown}
 m - 2 scrolls of vulnerability {unknown}
Potions
 c - a potion of flight
 f - a potion of attraction
 k - a potion of lignification


   Skills:
 + Level 5.6 Short Blades
 - Level 2.1 Dodging
 + Level 9.1 Stealth
 - Level 2.0 Spellcasting
 - Level 4.4 Hexes


You had one spell level left.
You knew the following spells:

 Your Spells              Type           Power      Damage    Failure   Level
a - Confusing Touch       Hex            16%        N/A       10%         3
b - Ensorcelled Hibernat  Hex/Ice        18%        N/A       12%         2
c - Tukima's Dance        Hex            16%        N/A       10%         3

Your spell library contained the following spells:

 Spells                   Type           Power      Damage    Failure   Level
 Dazzling Flash           Conj/Hex       18%        N/A       24%         3


Dungeon Overview and Level Annotations

Branches:
Dungeon (4/15)
 Temple: D:4-7

Altars:


Innate Abilities, Weirdness & Mutations

You do not regenerate when monsters are visible.
You are frail without blood (-20% HP).
You can heal yourself when you bite living creatures.
You are immune to poison.
You have razor-sharp teeth.
You have supernaturally acute eyesight. (SInv)
You are afflicted with vampirism and can become a bat while bloodless.


Message History

An orc is nearby! 2 orcs come into view.
An orc comes into view. It is wielding a +0 whip.
Found a stone staircase leading up.
An orc comes into view. It is wielding a +0 short sword.
The orc shouts! x3
The orc closely misses you.
The orc shouts!
A hound skeleton comes into view.
The orc hits you with a +0 hand axe.
There is a stone staircase leading up here.
The orc hits you from afar with a +0 trident of pain.
You climb upwards.
There is a stone staircase leading down here.
You climb downwards.
The orc barely misses you. The orc closely misses you.
The orc hits you from afar with a +0 trident of pain.
The orc hits you with a +0 whip. The orc closely misses you.
The orc misses you.
There is a stone staircase leading up here.
The orc hits you with a +0 whip. The orc hits you with a +0 short sword.
The orc barely misses you.
The orc hits you from afar with a +0 trident of pain.
* * * LOW HITPOINT WARNING * * *
You climb upwards.
There is a stone staircase leading down here.
Okay, then.
It was a potion of attraction.
You feel attractive to monsters. The orc misses you.
The orc hits you with a +0 short sword.
* * * LOW HITPOINT WARNING * * *
The orc closely misses you.
It was a potion of lignification.
You feel woody for a moment. The orc closely misses you.
The orc hits you with a +0 short sword.
* * * LOW HITPOINT WARNING * * *
The orc closely misses you.
It was a potion of flight.
You feel very buoyant.
You fly up into the air.
The orc barely misses you. The orc closely misses you.
The orc hits you with a +0 flail!
You die...

###...##......##....##
# ##..##......##..♣..##
####..##........÷.....#
...#..............<...#
...#..................#
...#............♣...♣##
....................#
...#.#.........oo####
...#...........o@#
'################# .#
.# .# .# .# .# .#


You could see 3 orcs.

Vanquished Creatures
  Sigmund (D:2)
  A scorpion (D:3)
  A jelly (D:4)
  Crazy Yiuf (D:2)
  A hound (D:4)
  Ijyb (D:3)
  An orc wizard (D:3)
  5 adders
  3 worms
  5 orcs (D:3)
  4 endoplasms
  4 giant cockroaches
  7 hobgoblins
  7 kobolds
  4 quokkas
  8 ball pythons
  7 bats
  2 frilled lizards (D:1)
  9 goblins
  5 rats
  A bush (D:1)
78 creatures vanquished.

Vanquished Creatures (others)
  5 plants (D:1)
5 creatures vanquished.

Grand Total: 83 creatures vanquished

Notes
Turn   | Place    | Note
-------+----------+-------------------------------------------
     0 | D:1      | LynnLen the Vampire Enchanter began the quest for the Orb.
     0 | D:1      | Reached XP level 1. HP: 13/13 MP: 3/3
   281 | D:1      | Reached XP level 2. HP: 15/15 MP: 5/5
   295 | D:1      | Reached skill level 5 in Stealth
   367 | D:1      | Found a faded altar of an unknown god.
  1574 | D:2      | Noticed Sigmund
  1645 | D:2      | Gained mutation: You are afflicted with vampirism and can
                  | become a bat while bloodless. [Vampire growth]
  1645 | D:2      | Reached XP level 3. HP: 16/19 MP: 6/6
  1827 | D:2      | Learned a level 3 spell: Confusing Touch
  1830 | D:2      | Learned a level 2 spell: Ensorcelled Hibernation
  1856 | D:2      | Killed Sigmund
  1857 | D:2      | Reached skill level 7 in Stealth
  1857 | D:2      | Reached XP level 4. HP: 16/24 MP: 7/7
  1857 | D:2      | Reached XP level 5. HP: 19/28 MP: 8/8
  2188 | D:2      | Found a runed translucent door.
  2189 | D:2      | Noticed Crazy Yiuf
  2195 | D:2      | Identified the +9 mace of Untruth {holy, Dex+4}
  2196 | D:2      | Killed Crazy Yiuf
  2666 | D:2      | Reached skill level 8 in Stealth
  3121 | D:3      | Reached XP level 6. HP: 24/32 MP: 9/9
  3208 | D:3      | Learned a level 3 spell: Tukima's Dance
  3320 | D:3      | Noticed Ijyb
  3334 | D:3      | Killed Ijyb
  3713 | D:3      | Reached skill level 5 in Short Blades
  4696 | D:4      | Reached skill level 9 in Stealth
  4776 | D:3      | Mangled by an orc

Illustrated notes

Levels and vault maps discovered:
D:1:      matt_arrival_grand_opening, layout_basic, serial_forest,
          infiniplex_forest_straight_1, infiniplex_forest_zigzag_2,
          infiniplex_forest_end_3, infiniplex_forest_end_double,
          infiniplex_forest_clump_small, infiniplex_forest_end_double,
          infiniplex_forest_clump_cross, infiniplex_forest_lined_2,
          hellmonk_ecumenical_altar_heavens_door
D:2:      layout_loops_ring, minmay_misc_feat_plants, uniq_crazy_yiuf_cottage,
          uniq_sigmund
D:3:      minmay_skewed_foursquare, layout_basic, grunt_ministairs_1, uniq_ijyb
D:4:      layout_basic, kennysheep_little_box

Skill      XL: |  1  2  3  4  5  6 |
---------------+-------------------+-----
Stealth        | 5 7 8 9 |  9.1
Short Blades   | 2 4 5 |  5.6
Dodging        | |  2.1
Spellcasting   | |  2.0
Hexes          | |  4.4

Action                   |  1- 3 |  4- 6 || total
-------------------------+-------+-------++-------
Melee: Dagger            |   464 |   164 ||   628
       Punch             |    19 |     4 ||    23
       Bite              |    94 |    19 ||   113
 Cast: Confusing Touch   |       |     9 ||     9
       Ensorcelled Hiber |       |     2 ||     2
 Abil: Exsanguinate      |     1 |       ||     1
  Use: Scroll            |     2 |     3 ||     5
       Potion            |     2 |     4 ||     6
 Stab: Sleeping          |    12 |    17 ||    29
       Invisible         |     2 |     1 ||     3
       Confused          |       |     6 ||     6
       Distracted        |       |     1 ||     1
Armor: Robe              |     4 |    26 ||    30
Dodge: Dodged            |    31 |    71 ||   102
